 Dungeon Crawl Stone Soup version 0.25.1-2-g60ff931df9 (webtiles) character file.

Game seed: 12815023966886581241

89 lepoulpe303 the Magician (level 4, -1/24 HPs)
             Began as a Deep Elf Fire Elementalist on Oct 27, 2020.
             Was an Initiate of Sif Muna.
             Splashed by Ijyb's acid (9 damage)
             ... on level 3 of the Dungeon.
             The game lasted 00:09:21 (3109 turns).

lepoulpe303 the Magician (DEFE)                     Turns: 3109, Time: 00:09:21

Health: -1/24      AC:  2    Str:  5    XL:     4   Next: 31%
Magic:  11/12      EV: 13    Int: 21    God:    Sif Muna [......]
Gold:   86         SH:  0    Dex: 15    Spells: 7/11 levels left

rFire    . . .     SeeInvis .   a - +1 short sword (drain)
rCold    . . .     Gourm    .   (no shield)
rNeg     . . .     Faith    .   n - +0 robe
rPois    .         Spirit   .   (no helmet)
rElec    .         Reflect  .   (no cloak)
rCorr    .         Harm     .   (no gloves)
MR       .....                  (no boots)
Stlth    ++........             j - amulet of magic regeneration
HPRegen  0.08/turn              (no ring)
MPRegen  0.38/turn              (no ring)

@: no status effects
A: no striking features
a: Renounce Religion


You were on level 3 of the Dungeon.
You worshipped Sif Muna.
Sif Muna was noncommittal.
You were not hungry.

You visited 1 branch of the dungeon, and saw 3 of its levels.

You collected 86 gold pieces.

Inventory:

Hand Weapons
 a - a +1 short sword of draining (weapon)
Missiles
 l - 8 curare-tipped darts
Armour
 n - a +0 robe (worn)
Jewellery
 j - an amulet of magic regeneration (around neck)
Scrolls
 b - a scroll of magic mapping {unknown}
 d - a scroll of teleportation {unknown}
 i - 3 scrolls of identify
 m - a scroll of enchant armour {unknown}
 p - a scroll of amnesia {unknown}
 w - a scroll of remove curse
Potions
 c - 2 potions of might {unknown}
 g - a potion of cancellation {unknown}
 h - a potion of invisibility {unknown}
 k - a potion of brilliance {unknown}
 o - a potion of berserk rage {unknown}
Comestibles
 e - 2 rations
 f - 2 chunks of flesh


   Skills:
 + Level 2.8 Dodging
 + Level 3.1 Stealth
 * Level 4.1 Spellcasting
 * Level 2.4 Conjurations
 * Level 4.0 Fire Magic
 + Level 0.1 Invocations


You had 7 spell levels left.
You knew the following spells:

 Your Spells              Type           Power        Failure   Level  Hunger
a - Foxfire               Conj/Fire      ###.         3%          1    None
c - Conjure Flame         Conj/Fire      ###.....     10%         3    ###....

Your spell library contained the following spells:

 Spells                   Type           Power        Failure   Level  Hunger
 Inner Flame              Hex/Fire       ##......     16%         3    ###....
 Sticky Flame             Conj/Fire      ###.....     30%         4    ####...
 Fireball                 Conj/Fire      ###.......   65%         5    ######.


Dungeon Overview and Level Annotations

Branches:
Dungeon (3/15)

Altars:
Ashenzari
Okawaru
Qazlal
Sif Muna
The Shining One

Annotations:
D:2 Sigmund
D:3 Ijyb


Message History

You kill the adder!
Your Fire Magic skill increases to level 4!
MP restored: 12 Ijyb the Twisted Goblin comes into view.
She is wielding a +0 club and carrying a wand of acid (3).
The helpless Ijyb fails to defend herself.
You hit Ijyb. You drain Ijyb. Ijyb hits you but does no damage.
Ijyb zaps a wand.
The bolt of acid misses you.
You conjure some foxfire!
You now have 11/12 mp.
The foxfire hits Ijyb.
The foxfire hits Ijyb but does no damage.
You conjure some foxfire!
Ijyb barely misses you.
The foxfire hits Ijyb but does no damage. x2
Ijyb zaps a wand.
The bolt of acid hits you!
Ouch! That really hurt!
* * * LOW HITPOINT WARNING * * *
You are splashed with acid!
You die...

#P...≈≈≈≈≈≈≈P.≈≈P≈≈≈≈≈
≈≈≈≈P≈≈≈≈≈≈≈≈≈≈≈≈≈≈≈≈≈
≈≈≈≈≈≈≈≈≈≈PP≈≈≈≈≈≈≈≈P≈≈≈P
≈≈≈≈≈≈PP≈P.P≈≈≈≈.≈P.≈≈≈P.
##.≈..≈P≈.≈.....≈.......
............#.#.......###.
.....###..#...#####......
....## #...............#
....####.#......@.§....#
.#.....................###.
#_#..#####.######.g........
.#..## #.# #.#...#.## ....#
#.# #.#...# ##..#### #.#
#.#...# .......# #.#
#.#...# .#####.# #.#
#...... .#####.# ..
..)...#.


You could see Ijyb (drained).

Levels and vault maps discovered:
D:1:      shiori_arrival_maze, layout_basic
D:2:      layout_basic, lemuel_blue_sif_altar, tso_altar,
          evilmike_ruin_ashenzari, nicolae_qazlal_eye_of_the_storm, uniq_sigmund
D:3:      layout_loops_cross, makhleb_altar_promises_db,
          okawaru_metal_pillars_1_2, vehumet_crystals, chequers_big_river,
          uniq_natasha, uniq_ijyb

Notes
Turn   | Place    | Note
-------+----------+-------------------------------------------
     0 | D:1      | lepoulpe303 the Deep Elf Fire Elementalist began the quest
                  | for the Orb.
     0 | D:1      | Reached XP level 1. HP: 10/10 MP: 6/6
   111 | D:1      | Identified a +0 club
   177 | D:1      | Reached XP level 2. HP: 15/15 MP: 5/8
   474 | D:1      | You fall into a shaft and drop 1 floor!
   550 | D:2      | Found a glowing golden altar of the Shining One.
   834 | D:2      | Identified a +0 club
   889 | D:2      | Found a shimmering blue altar of Sif Muna.
  1000 | D:2      | lepoulpe303: !whichgod defe
  1000 | D:2      | meem: 113 recent wins for defe: 77x Vehumet, 22x Sif Muna,
                  | 7x Ashenzari, 2x, 2x Gozag, Uskayaw, Ru, Cheibriados
  1006 | D:2      | Reached XP level 3. HP: 19/19 MP: 5/10
  1079 | D:2      | Found a stormy altar of Qazlal.
  1233 | D:2      | Reached skill level 2 in Conjurations
  1234 | D:2      | Identified a potion of heal wounds
  1373 | D:2      | Found a shattered altar of Ashenzari.
  1450 | D:2      | Identified a +0 club
  1464 | D:2      | Reached skill level 3 in Stealth
  1497 | D:2      | Reached skill level 4 in Spellcasting
  1649 | D:2      | Reached XP level 4. HP: 24/24 MP: 6/12
  1654 | D:2      | Learned a level 3 spell: Conjure Flame
  1965 | D:2      | Identified a +0 scythe
  1965 | D:2      | Identified a +0 robe
  1965 | D:2      | Noticed Sigmund
  2123 | D:2      | Became a worshipper of Sif Muna the Loreminder
  2435 | D:1      | Identified a +0 dagger
  2533 | D:1      | Identified a +1 short sword of draining
  2654 | D:1      | Identified a +0 club
  2977 | D:3      | Identified 3 scrolls of identify
  2977 | D:3      | Identified an amulet of magic regeneration (You found it on
                  | level 1 of the Dungeon)
  2979 | D:3      | Identified a ring of teleportation (You found it on level 1
                  | of the Dungeon)
  2980 | D:3      | Identified 2 scrolls of remove curse
  2985 | D:3      | Identified a +0 club
  3051 | D:3      | Found an iron altar of Okawaru.
  3051 | D:3      | Identified a +2 vampiric whip
  3051 | D:3      | Identified a +0 leather armour
  3082 | D:3      | Reached skill level 4 in Fire Magic
  3102 | D:3      | Identified a +0 club
  3102 | D:3      | Identified a +0 leather armour
  3102 | D:3      | Noticed Ijyb
  3109 | D:3      | Splashed by Ijyb's acid

Table legend:
 A = Turns spent in this place as a percentage of turns spent in the entire game.
 B = Non-inter-level travel turns spent in this place as a percentage of non-inter-level travel turns spent in the entire game.
 C = Inter-level travel turns spent in this place as a percentage of turns spent in this place.
 D = Turns resting spent in this place as a percentage of non-inter-level travel turns spent in this place.
 E = Turns spent auto-exploring this place as a percentage of non-inter-level travel turns spent in this place.
 F = Non-inter-level travel turns spent in this place divided by the number of levels of this place that you've seen.
                   A       B       C       D       E      F
               +-------+-------+-------+-------+-------+----------------------
         Total | 100.0 | 100.0 |   6.6 |   9.4 |  71.0 | 968.3
       Dungeon | 100.0 | 100.0 |   6.6 |   9.4 |  71.0 | 968.3
               +-------+-------+-------+-------+-------+----------------------

Table legend:
 A = Kills in this place as a percentage of kills in entire the game.
 B = Kills by you in this place as a percentage of kills by you in the entire game.
 C = Kills by friends in this place as a percentage of kills by friends in the entire game.
 D = Other kills in this place as a percentage of other kills in the entire game.
 E = Experience gained in this place as a percentage of experience gained in the entire game.
 F = Experience gained in this place divided by the number of levels of this place that you have seen.
                   A       B       C       D       E      F
               +-------+-------+-------+-------+-------+----------------------
         Total | 100.0 | 100.0 |   N/A |   N/A | 100.0 |  42.7
       Dungeon | 100.0 | 100.0 |   N/A |   N/A | 100.0 |  42.7
               +-------+-------+-------+-------+-------+----------------------

Skill      XL: |  1  2  3  4 |
---------------+-------------+-----
Conjurations   | 2 |  2.4
Stealth        | 3 |  3.1
Spellcasting   | 4 |  4.1
Fire Magic     | 4 |  4.0
Dodging        | |  2.8
Invocations    | |  0.1

Action                   |  1- 3 |  4- 6 || total
-------------------------+-------+-------++-------
Melee: Unarmed           |     8 |     1 ||     9
       Short sword       |       |    11 ||    11
 Cast: Foxfire           |    77 |    16 ||    93
  Use: Potion            |     1 |       ||     1
       Scroll            |       |     2 ||     2
 Stab: Sleeping          |     2 |     2 ||     4
  Eat: Chunk             |     2 |     1 ||     3
       Ration            |       |     1 ||     1
Armor: Robe              |     5 |     1 ||     6
Dodge: Dodged            |    47 |     9 ||    56

Vanquished Creatures
  2 adders
  3 oozes
  5 worms (D:2)
  3 dart slugs
  2 leopard geckos (D:2)
  2 giant cockroaches
  4 goblins
  6 hobgoblins
  4 jackals (D:2)
  2 bats
  A frilled lizard (D:2)
  2 kobolds
  2 rats
38 creatures vanquished.

Vanquished Creatures (others)
  116 foxfires
116 creatures vanquished.

Grand Total: 154 creatures vanquished
